MID
GREENVILLE DRIVE @ BURLINGTON BEES
05/30/2044
 
TOP OF THE 1ST
Greenville Drive batting - Pitching for Burlington Bees : RHP Dave Thomas
Pitching: RHP Dave Thomas
Batting: RHB Larry Brocato 0-0: Called Strike
0-1: Ground out 6-3 (Groundball, 6, EV 81.2 MPH)
Batting: LHB Sergio Tinoco 0-0: Fly out, F1 (Line Drive, P, EV 68.8 MPH)
Batting: RHB Devon Fourcade 0-0: Called Strike
0-1: Ball
1-1: Called Strike
1-2: Strikes out swinging
Top of the 1st over - 0 runs, 0 hits, 0 errors, 0 left on base; Greenville 0 - Burlington 0
BOTTOM OF THE 1ST
Burlington Bees batting - Pitching for Greenville Drive : RHP Steve Capizzi
Pitching: RHP Steve Capizzi
Batting: RHB Melvin Gomez 0-0: Called Strike
0-1: Ball
1-1: Swinging Strike
1-2: Ball
2-2: TRIPLE (Line Drive, 7D, EV 104.4 MPH)
Batting: SHB Tim Connell 0-0: Fly out, F8 (Flyball, 8LM, EV 88.1 MPH)
Runner from 3rd tags up, SCORES, no throw by CF
Batting: LHB Bill Kirtley 0-0: Ball
1-0: Ball
2-0: Ball
3-0: Called Strike
3-1: Base on Balls
Batting: LHB Rusty Ney 0-0: Ball
1-0: Called Strike
1-1: Called Strike
1-2: Foul Ball, location: 2F
1-2: Strikes out looking
Batting: RHB Greg Burdine 0-0: Ball
1-0: Called Strike
1-1: Foul Ball, location: 2F
1-2: Ball
2-2: Ball
3-2: Strikes out swinging
Bottom of the 1st over - 1 run, 1 hit, 0 errors, 1 left on base; Greenville 0 - Burlington 1
TOP OF THE 2ND
Greenville Drive batting - Pitching for Burlington Bees : RHP Dave Thomas
Batting: RHB David Clark 0-0: Called Strike
0-1: Ball
1-1: Foul Ball, location: 2F
1-2: DOUBLE (Line Drive, 78M, EV 91.9 MPH)
Batting: RHB Mike Cavagnaro 0-0: Ball
1-0: Ball
2-0: Foul Ball, location: 2F
2-1: Ball
3-1: Ground out 6-3 (Groundball, 6, EV 80.6 MPH)
David Clark to third
Batting: RHB John Chiesa 0-0: Called Strike
0-1: Ball
1-1: Ball
2-1: Foul Ball, location: 2F
2-2: Ball
3-2: Foul Ball, location: 2F
3-2: Foul Ball, location: 2F
3-2: Ground out 5-3 (Groundball, 56, EV 87.5 MPH)
David Clark scores
Batting: RHB Adugna Chandu 0-0: Ball
1-0: Called Strike
1-1: Ball
2-1: Ball
3-1: Swinging Strike
3-2: Foul Ball, location: 2F
3-2: Strikes out swinging
Top of the 2nd over - 1 run, 1 hit, 0 errors, 0 left on base; Greenville 1 - Burlington 1
BOTTOM OF THE 2ND
Burlington Bees batting - Pitching for Greenville Drive : RHP Steve Capizzi
Batting: RHB Ben Herman 0-0: Ball
1-0: Called Strike
1-1: Ground out 6-3 (Groundball, 6, EV 84.4 MPH)
Batting: RHB Andy White 0-0: Ball
1-0: Foul Ball, location: 2F
1-1: Fly out, F4 (Popup, 34, EV 55.6 MPH)
Batting: RHB Ryuji Ito 0-0: Ground out 1-3 (Groundball, 34S, EV 67.5 MPH)
Bottom of the 2nd over - 0 runs, 0 hits, 0 errors, 0 left on base; Greenville 1 - Burlington 1
TOP OF THE 3RD
Greenville Drive batting - Pitching for Burlington Bees : RHP Dave Thomas
Batting: RHB Paul Long 0-0: Foul Ball, location: 2F
0-1: Ball
1-1: Swinging Strike
1-2: Ball
2-2: Ball
3-2: Fly out, F5 (Line Drive, 5, EV 69.4 MPH)
Batting: RHB Erik Nunez 0-0: Ball
1-0: Called Strike
1-1: Ground out 6-3 (Groundball, 6MD, EV 106.2 MPH)
Batting: RHB Larry Brocato 0-0: Ground out U3 (Groundball, 3, EV 86.9 MPH)
Top of the 3rd over - 0 runs, 0 hits, 0 errors, 0 left on base; Greenville 1 - Burlington 1
BOTTOM OF THE 3RD
Burlington Bees batting - Pitching for Greenville Drive : RHP Steve Capizzi
Batting: RHB Rob Bly 0-0: Ball
1-0: Ground out 1-3 (Groundball, 15S, EV 70.6 MPH)
Batting: RHB Melvin Gomez 0-0: Called Strike
0-1: Ground out U3 (Groundball, 3S, EV 88.1 MPH)
Batting: SHB Tim Connell 0-0: Ball
1-0: Ball
2-0: Ball
3-0: Called Strike
3-1: Base on Balls
Batting: LHB Bill Kirtley 0-0: Called Strike
0-1: Ball
Tim Connell steals 2nd base
1-1: Called Strike
1-2: SINGLE (Groundball, 56, EV 99.4 MPH)
Tim Connell to third
Runner from 3rd tries for Home, SAFE, throw by LF to home
Batting: LHB Rusty Ney 0-0: Called Strike
0-1: Called Strike
0-2: Ball
1-2: Ball
2-2: Fly out, F5 (Popup, 56, EV 76.9 MPH)
Bottom of the 3rd over - 1 run, 1 hit, 0 errors, 1 left on base; Greenville 1 - Burlington 2
TOP OF THE 4TH
Greenville Drive batting - Pitching for Burlington Bees : RHP Dave Thomas
Batting: LHB Sergio Tinoco 0-0: Ball
1-0: DOUBLE (Line Drive, 3D, EV 103.1 MPH) - OUT at third base trying to stretch hit.
Batting: RHB Devon Fourcade 0-0: Called Strike
0-1: Ball
1-1: TRIPLE (Flyball, 78XD, EV 103.1 MPH)
Batting: RHB David Clark 0-0: Fly out, F7 (Flyball, 78D, EV 100.0 MPH)
Runner from 3rd tags up, SCORES, throw by LF
Batting: RHB Mike Cavagnaro 0-0: SINGLE (Flyball, 7LS, EV 99.4 MPH)
Batting: RHB John Chiesa 0-0: Called Strike
0-1: Ball
1-1: Swinging Strike
1-2: SINGLE (Line Drive, 89S, EV 90.0 MPH)
Mike Cavagnaro to second
Batting: RHB Adugna Chandu 0-0: Called Strike
0-1: Ball
1-1: Fly out, F4 (Popup, 34D, EV 61.2 MPH)
Top of the 4th over - 1 run, 4 hits, 0 errors, 2 left on base; Greenville 2 - Burlington 2
BOTTOM OF THE 4TH
Burlington Bees batting - Pitching for Greenville Drive : RHP Steve Capizzi
Batting: RHB Greg Burdine 0-0: Called Strike
0-1: Ball
1-1: Called Strike
1-2: Strikes out looking
Batting: RHB Ben Herman 0-0: Foul Ball, location: 2F
0-1: Fly out, F4 (Flyball, 4MD, EV 71.9 MPH)
Batting: RHB Andy White 0-0: Called Strike
0-1: Ball
1-1: Ground out 6-3 (Groundball, 6, EV 90.6 MPH)
Bottom of the 4th over - 0 runs, 0 hits, 0 errors, 0 left on base; Greenville 2 - Burlington 2
TOP OF THE 5TH
Greenville Drive batting - Pitching for Burlington Bees : RHP Dave Thomas
Batting: RHB Paul Long 0-0: Ball
1-0: Swinging Strike
1-1: Called Strike
1-2: Foul Ball, location: 2F
1-2: Ground out 5-3 (Groundball, 56, EV 84.4 MPH)
Batting: RHB Erik Nunez 0-0: Called Strike
0-1: Ball
1-1: Foul Ball, location: 2F
1-2: Strikes out looking
Batting: RHB Larry Brocato 0-0: Fly out, F5 (Line Drive, 5, EV 70.0 MPH)
Top of the 5th over - 0 runs, 0 hits, 0 errors, 0 left on base; Greenville 2 - Burlington 2
BOTTOM OF THE 5TH
Burlington Bees batting - Pitching for Greenville Drive : RHP Steve Capizzi
Batting: RHB Ryuji Ito 0-0: Ball
1-0: DOUBLE (Line Drive, 78XD, EV 102.5 MPH)
Batting: RHB Rob Bly 0-0: Ball
1-0: Called Strike
1-1: Swinging Strike
1-2: Strikes out swinging
Batting: RHB Melvin Gomez 0-0: Called Strike
0-1: Ball
1-1: Ball
2-1: Foul Ball, location: 2F
2-2: Foul Ball, location: 2F
2-2: Ball
3-2: Ground out 4-3 (Groundball, 4, EV 101.2 MPH)
Ryuji Ito to third
Batting: SHB Tim Connell 0-0: Ground out 4-3 (Groundball, 34D, EV 96.9 MPH)
Bottom of the 5th over - 0 runs, 1 hit, 0 errors, 1 left on base; Greenville 2 - Burlington 2
TOP OF THE 6TH
Greenville Drive batting - Pitching for Burlington Bees : RHP Dave Thomas
Batting: LHB Sergio Tinoco 0-0: Foul Ball, location: 2F
0-1: Ball
1-1: Ball
2-1: Ball
3-1: Foul Ball, location: 2F
3-2: Fly out, F7 (Flyball, 7D, EV 93.1 MPH)
Batting: RHB Devon Fourcade 0-0: Ball
1-0: SOLO HOME RUN (Flyball, 9LD, EV 95.0 MPH), Distance : 342 ft
Batting: RHB David Clark 0-0: Called Strike
0-1: Ball
1-1: SINGLE (Groundball, 6MD, EV 93.8 MPH)
Batting: RHB Mike Cavagnaro 0-0: Ball
1-0: Ball
2-0: Called Strike
2-1: Foul Ball, location: 2F
2-2: Fly out, F8 (Flyball, 89D, EV 95.0 MPH)
Batting: RHB John Chiesa 0-0: Fielders Choice at 2nd, 6-4 (Groundball, 6, EV 83.8 MPH)
Top of the 6th over - 1 run, 2 hits, 0 errors, 1 left on base; Greenville 3 - Burlington 2
BOTTOM OF THE 6TH
Burlington Bees batting - Pitching for Greenville Drive : RHP Steve Capizzi
Batting: LHB Bill Kirtley 0-0: Called Strike
0-1: Foul Ball, location: 2F
0-2: DOUBLE (Groundball, 3L, EV 93.8 MPH)
Batting: LHB Rusty Ney 0-0: Called Strike
0-1: Called Strike
0-2: Ball
1-2: Ball
2-2: Ball
3-2: Foul Ball, location: 2F
3-2: Strikes out swinging, 2-3 out at first.
Batting: RHB Greg Burdine 0-0: Foul Ball, location: 2F
0-1: Swinging Strike
0-2: Ball
1-2: Ground out 3-1 (Groundball, 34, EV 101.9 MPH)
Bill Kirtley to third
Batting: RHB Ben Herman 0-0: Called Strike
0-1: Ball
1-1: Ball
2-1: Ball
3-1: Ground out 5-3 (Groundball, 5S, EV 87.5 MPH)
Bottom of the 6th over - 0 runs, 1 hit, 0 errors, 1 left on base; Greenville 3 - Burlington 2
TOP OF THE 7TH
Greenville Drive batting - Pitching for Burlington Bees : RHP Dave Thomas
Batting: RHB Adugna Chandu 0-0: Ball
1-0: Called Strike
1-1: Swinging Strike
1-2: Ground out U3 (Groundball, 13, EV 87.5 MPH)
Pitching: LHP Cody Bodenhamer
Batting: RHB Paul Long 0-0: Called Strike
0-1: Swinging Strike
0-2: Strikes out swinging
Batting: RHB Erik Nunez 0-0: Ball
1-0: Foul Ball, location: 2F
1-1: Ball
2-1: Fly out, F7 (Flyball, 78S, EV 90.0 MPH)
Top of the 7th over - 0 runs, 0 hits, 0 errors, 0 left on base; Greenville 3 - Burlington 2
BOTTOM OF THE 7TH
Burlington Bees batting - Pitching for Greenville Drive : RHP Steve Capizzi
Pitching: RHP Cameron Williams
Batting: RHB Andy White 0-0: Ball
1-0: Swinging Strike
1-1: Swinging Strike
1-2: Foul Ball, location: 2F
1-2: Ball
2-2: Foul Ball, location: 2F
2-2: Foul Ball, location: 2F
2-2: Strikes out swinging
Batting: RHB Ryuji Ito 0-0: Ball
1-0: Ball
2-0: Called Strike
2-1: Ball
3-1: Fly out, F8 (Line Drive, 8LD, EV 108.1 MPH)
Batting: RHB Rob Bly 0-0: Ball
1-0: Called Strike
1-1: Foul Ball, location: 2F
1-2: Foul Ball, location: 2F
1-2: Ball
2-2: Ball
3-2: Strikes out looking
Bottom of the 7th over - 0 runs, 0 hits, 0 errors, 0 left on base; Greenville 3 - Burlington 2
TOP OF THE 8TH
Greenville Drive batting - Pitching for Burlington Bees : LHP Cody Bodenhamer
Pitching: RHP Craig Murphy
Batting: RHB Larry Brocato 0-0: Ball
1-0: Foul Ball, location: 2F
1-1: Ball
2-1: Called Strike
2-2: Strikes out swinging
Batting: LHB Sergio Tinoco 0-0: Called Strike
0-1: Foul Ball, location: 2F
0-2: Foul Ball, location: 2F
0-2: Ball
1-2: Ball
2-2: DOUBLE (Groundball, 3L, EV 94.4 MPH)
Batting: RHB Devon Fourcade 0-0: Ball
1-0: Ball
2-0: Called Strike
2-1: Ball
3-1: Base on Balls
Batting: RHB David Clark 0-0: Fly out, F8 (Flyball, 8RXD, EV 98.1 MPH)
Runner from 2nd tags up, SAFE at 3rd, no throw by CF
Batting: RHB Mike Cavagnaro 0-0: Ball
1-0: Fly out, F9 (Flyball, 89S, EV 73.1 MPH)
Top of the 8th over - 0 runs, 1 hit, 0 errors, 2 left on base; Greenville 3 - Burlington 2
BOTTOM OF THE 8TH
Burlington Bees batting - Pitching for Greenville Drive : RHP Cameron Williams
Pitching: RHP Tyler Carriger
Batting: RHB Melvin Gomez 0-0: Ball
1-0: Ground out U3 (Groundball, 3, EV 86.9 MPH)
Batting: SHB Tim Connell 0-0: Ball
1-0: Ball
2-0: Ball
3-0: Called Strike
3-1: TRIPLE (Flyball, 89XD, EV 105.0 MPH)
Batting: LHB Bill Kirtley 0-0: Called Strike
0-1: Ball
1-1: Ball
2-1: Foul Ball, location: 2F
2-2: Strikes out looking
Batting: LHB Rusty Ney 0-0: Called Strike
0-1: DOUBLE (Groundball, 3L, EV 101.9 MPH)
Tim Connell scores
Batting: RHB Greg Burdine 0-0: Foul Ball, location: 2F
0-1: Ball
1-1: Ball
2-1: Ball
3-1: Base on Balls
Pinch Hitting: LHB Jorge Zermeno 0-0: Ball
1-0: Fly out, F6 (Popup, 6, EV 75.0 MPH)
Bottom of the 8th over - 1 run, 2 hits, 0 errors, 2 left on base; Greenville 3 - Burlington 3
TOP OF THE 9TH
Greenville Drive batting - Pitching for Burlington Bees : RHP Craig Murphy
Pitching: RHP Trece Hunter
Now in RF: Adam Noyes
Batting: RHB John Chiesa 0-0: Ball
1-0: Fly out, F8 (Line Drive, 8RD, EV 88.8 MPH)
Batting: RHB Adugna Chandu 0-0: Ball
1-0: Ball
2-0: Foul Ball, location: 2F
2-1: Ball
3-1: Foul Ball, location: 2F
3-2: Strikes out swinging
Pinch Hitting: LHB Masumi Abe 0-0: SINGLE (Line Drive, 6D, EV 94.4 MPH)
Pinch Hitting: SHB Rafael Perez 0-0: DOUBLE (Groundball, 5L, EV 99.4 MPH)
Masumi Abe to third
Batting: RHB Larry Brocato 0-0: Fly out, F9 (Flyball, 9S, EV 94.4 MPH)
Top of the 9th over - 0 runs, 2 hits, 0 errors, 2 left on base; Greenville 3 - Burlington 3
BOTTOM OF THE 9TH
Burlington Bees batting - Pitching for Greenville Drive : RHP Tyler Carriger
Pitching: RHP Roberto Morales
Now at C: Rafael Perez
Now at 3B: David Norum
Pinch Hitting: RHB Luis Romero 0-0: Ball
1-0: Ball
2-0: Ball
3-0: Base on Balls
Batting: RHB Ryuji Ito 0-0: Ball
1-0: Ball
2-0: Sac Bunt to 13S - play at first, batter OUT! 1-4
Luis Romero to second
Pinch Hitting: RHB Jonathan Ellis 0-0: Ball
1-0: Ball
2-0: Ground out 4-3 (Groundball, 4, EV 99.4 MPH)
Luis Romero to third
Batting: RHB Melvin Gomez 0-0: Intentional Walk
Batting: SHB Tim Connell 0-0: Ball
1-0: Ball
Wild Pitch!
Luis Romero scores
Bottom of the 9th over - 1 run, 0 hits, 0 errors, 0 left on base; Greenville 3 - Burlington 4
Game Over ... Burlington defeats Greenville, 4 to 3
Thursday, March 31st , 2022 - OOTP Baseball 22.12 Build 89